cohdb
Replays
Latest Replays
All Replays
Popular Replays
Top Player Replays
Match Explorer
How It Works
Community
CoH3 Stats
Reddit
Sign in to upload your games and track your stats! →
Sign in with Steam
Match 45607246
Unlisted
Match 45607246
Overview
Messages
Build Orders
End
Royal Engineer Section
Construct Section Command Post
Infantry Section
Infantry Section
Infantry Section
Construct Platoon Command Post
Selects Canadian Shock Battlegroup
Selects Attacking Spirit
Humber Armored Car
6-pounder Anti-tank Gun Team
Selects Canadian Shock Section
Canadian Shock Section
6-pounder Anti-tank Gun Team
Selects Incendiary Munitions
Selects Pyrotechnics
Infantry Training
ML 3-inch Mortar Team
Light Vehicle Training
Grenade Package
6-pounder Anti-tank Gun Team
Infantry Section
Selects Churchill Crocodile Heavy Tank
Churchill Crocodile Heavy Tank
Otto Karius
MYMN
Cpt Darling
Walker
0
0
Comments
sign in to comment!
No comments posted yet!